TOP OF THE 1ST |
Sacramento River Cats batting - Pitching for Oklahoma City Dodgers : LHP Wayne Perry
|
Pitching: LHP Wayne Perry
|
|
Batting: LHB Pauli Gassinger
|
0-0: Fly out, F7 (Flyball, 7, EV 95.6 MPH)
|
Batting: RHB Brian Rogers
|
0-0: Ball 1-0: Ball 2-0: Ball 3-0: Fly out, F8 (Line Drive, 8LD, EV 93.8 MPH)
|
Batting: LHB Dillon Gonzalez
|
0-0: Called Strike 0-1: Swinging Strike 0-2: Foul Ball, location: 2F 0-2: Ball 1-2: Ball 2-2: Ball 3-2: Ground out 4-3 (Groundball, 4S, EV 91.2 MPH)
|
Top of the 1st over - 0 runs, 0 hits, 0 errors, 0 left on base; Sacramento 0 - Oklahoma City 0 |
BOTTOM OF THE 1ST |
Oklahoma City Dodgers batting - Pitching for Sacramento River Cats : RHP Tong Huang
|
Pitching: RHP Tong Huang
|
|
Batting: RHB Jose Ramirez
|
0-0: Ball 1-0: Fly out, F7 (Line Drive, 7LM, EV 96.2 MPH)
|
Batting: RHB Theo Schepers
|
0-0: Foul Ball, location: 2F 0-1: Called Strike 0-2: Ball 1-2: Ground out 6-3 (Groundball, 6, EV 85.0 MPH)
|
Batting: LHB Steve Pond
|
0-0: Called Strike 0-1: SINGLE (Groundball, 6MD, EV 100.0 MPH)
|
Batting: RHB Tommy Hunter
|
0-0: Called Strike 0-1: Ball 1-1: Foul Ball, location: 2F 1-2: Ball 2-2: Strikes out swinging
|
Bottom of the 1st over - 0 runs, 1 hit, 0 errors, 1 left on base; Sacramento 0 - Oklahoma City 0 |
TOP OF THE 2ND |
Sacramento River Cats batting - Pitching for Oklahoma City Dodgers : LHP Wayne Perry
|
Batting: RHB Justin Bonner
|
0-0: Ball 1-0: Ball 2-0: Ball 3-0: Base on Balls
|
Batting: RHB Troy Trice
|
0-0: Called Strike 0-1: Called Strike 0-2: Foul Ball, location: 2F 0-2: Ball 1-2: Fielders Choice at 2nd, 6-4 (Groundball, 6, EV 110.0 MPH)
|
Batting: RHB Tyler Mapes
|
0-0: Called Strike Troy Trice is caught stealing 2nd base 2-4 0-1: Swinging Strike 0-2: Ball 1-2: Ball 2-2: Ball 3-2: Strikes out swinging
|
Top of the 2nd over - 0 runs, 0 hits, 0 errors, 0 left on base; Sacramento 0 - Oklahoma City 0 |
BOTTOM OF THE 2ND |
Oklahoma City Dodgers batting - Pitching for Sacramento River Cats : RHP Tong Huang
|
Batting: RHB Jason Baldwin
|
0-0: Ball 1-0: Foul Ball, location: 2F 1-1: Ball 2-1: Foul Ball, location: 2F 2-2: Strikes out swinging
|
Batting: RHB Alex Cid
|
0-0: Called Strike 0-1: Called Strike 0-2: Ball 1-2: Strikes out swinging
|
Batting: LHB Doug Frampton
|
0-0: DOUBLE (Line Drive, 89D, EV 108.8 MPH)
|
Batting: LHB Darrell Ortega
|
0-0: SINGLE (Groundball, 25, EV 70.6 MPH) (infield hit) Doug Frampton to third
|
Batting: RHB Kevin Ezell
|
0-0: Ball 1-0: Called Strike 1-1: Called Strike 1-2: Ball 2-2: Foul Ball, location: 2F 2-2: Foul Ball, location: 2F 2-2: Ball 3-2: Ground out 5-3 (Groundball, 56S, EV 80.0 MPH)
|
Bottom of the 2nd over - 0 runs, 2 hits, 0 errors, 2 left on base; Sacramento 0 - Oklahoma City 0 |
TOP OF THE 3RD |
Sacramento River Cats batting - Pitching for Oklahoma City Dodgers : LHP Wayne Perry
|
Batting: RHB Carlos Talavera
|
0-0: Ball 1-0: Ball 2-0: Swinging Strike 2-1: SINGLE (Line Drive, 7S, EV 103.8 MPH)
|
Batting: LHB Franklin Quezada
|
0-0: Ball 1-0: Foul Ball, location: 2F 1-1: 2-RUN HOME RUN (Flyball, 9LD, EV 93.8 MPH), Distance : 335 ft
|
Batting: RHB Steve Jones
|
0-0: Ground out U3 (Groundball, 3L, EV 85.0 MPH)
|
Batting: LHB Pauli Gassinger
|
0-0: Ball 1-0: Called Strike 1-1: Swinging Strike 1-2: Ground out U3 (Groundball, 3, EV 86.2 MPH)
|
Batting: RHB Brian Rogers
|
0-0: Ball 1-0: Ball 2-0: Called Strike 2-1: Foul Ball, location: 2F 2-2: Strikes out swinging
|
Top of the 3rd over - 2 runs, 2 hits, 0 errors, 0 left on base; Sacramento 2 - Oklahoma City 0 |
BOTTOM OF THE 3RD |
Oklahoma City Dodgers batting - Pitching for Sacramento River Cats : RHP Tong Huang
|
Batting: RHB Jose Ramirez
|
0-0: Ground out 6-3 (Groundball, 6, EV 81.2 MPH)
|
Batting: RHB Theo Schepers
|
0-0: Ball 1-0: SINGLE (Flyball, 3D, EV 93.1 MPH)
|
Batting: LHB Steve Pond
|
0-0: Ball 1-0: Fly out, F9 (Flyball, 9D, EV 94.4 MPH)
|
Batting: RHB Tommy Hunter
|
Pickoff Throw to First - Error! E1 Theo Schepers to second 0-0: Called Strike 0-1: Fly out, F9 (Flyball, 9LD, EV 98.1 MPH)
|
Bottom of the 3rd over - 0 runs, 1 hit, 1 error, 1 left on base; Sacramento 2 - Oklahoma City 0 |
TOP OF THE 4TH |
Sacramento River Cats batting - Pitching for Oklahoma City Dodgers : LHP Wayne Perry
|
Batting: LHB Dillon Gonzalez
|
0-0: SINGLE (Line Drive, 78M, EV 97.5 MPH)
|
Batting: RHB Justin Bonner
|
0-0: Foul Ball, location: 2F 0-1: Grounds into double play, 5-4-3 (Groundball, 56, EV 109.4 MPH)
|
Batting: RHB Troy Trice
|
0-0: Ball 1-0: Ground out 6-3 (Groundball, 56, EV 109.4 MPH)
|
Top of the 4th over - 0 runs, 1 hit, 0 errors, 0 left on base; Sacramento 2 - Oklahoma City 0 |
BOTTOM OF THE 4TH |
Oklahoma City Dodgers batting - Pitching for Sacramento River Cats : RHP Tong Huang
|
Batting: RHB Jason Baldwin
|
0-0: Swinging Strike 0-1: Called Strike 0-2: Foul Ball, location: 2F 0-2: Strikes out looking
|
Batting: RHB Alex Cid
|
0-0: Ball 1-0: Ball 2-0: Ground out 3-1 (Groundball, 34S, EV 86.2 MPH)
|
Batting: LHB Doug Frampton
|
0-0: Called Strike 0-1: Ground out 4-3 (Groundball, 34, EV 78.1 MPH)
|
Bottom of the 4th over - 0 runs, 0 hits, 0 errors, 0 left on base; Sacramento 2 - Oklahoma City 0 |
TOP OF THE 5TH |
Sacramento River Cats batting - Pitching for Oklahoma City Dodgers : LHP Wayne Perry
|
Batting: RHB Tyler Mapes
|
0-0: Ball 1-0: Ball 2-0: Ball 3-0: Base on Balls
|
Batting: RHB Carlos Talavera
|
0-0: Ball 1-0: Ball 2-0: Grounds into double play, 4-6-3 (Groundball, 34, EV 83.1 MPH)
|
Batting: LHB Franklin Quezada
|
0-0: Ball 1-0: Ball 2-0: Ball 3-0: Base on Balls
|
Batting: RHB Steve Jones
|
0-0: Ground out U3 (Groundball, 3, EV 81.9 MPH)
|
Top of the 5th over - 0 runs, 0 hits, 0 errors, 1 left on base; Sacramento 2 - Oklahoma City 0 |
BOTTOM OF THE 5TH |
Oklahoma City Dodgers batting - Pitching for Sacramento River Cats : RHP Tong Huang
|
Batting: LHB Darrell Ortega
|
0-0: Called Strike 0-1: Fly out, F9 (Line Drive, 89M, EV 103.1 MPH)
|
Batting: RHB Kevin Ezell
|
0-0: Called Strike 0-1: Ground out 5-3 (Groundball, 5S, EV 86.2 MPH)
|
Batting: RHB Jose Ramirez
|
0-0: Called Strike 0-1: Fly out, F7 (Flyball, 78S, EV 80.0 MPH)
|
Bottom of the 5th over - 0 runs, 0 hits, 0 errors, 0 left on base; Sacramento 2 - Oklahoma City 0 |
TOP OF THE 6TH |
Sacramento River Cats batting - Pitching for Oklahoma City Dodgers : LHP Wayne Perry
|
Batting: LHB Pauli Gassinger
|
0-0: Ball 1-0: TRIPLE (Line Drive, 78XD, EV 111.2 MPH)
|
Batting: RHB Brian Rogers
|
0-0: Called Strike 0-1: Called Strike 0-2: SINGLE (Line Drive, 34, EV 96.9 MPH) Pauli Gassinger scores
|
Batting: LHB Dillon Gonzalez
|
0-0: Called Strike 0-1: Swinging Strike 0-2: Fielders Choice at 2nd, 1-6 (Groundball, 13S, EV 75.0 MPH)
|
Batting: RHB Justin Bonner
|
0-0: Ball 1-0: Called Strike 1-1: Ball 2-1: Ball 3-1: Base on Balls Dillon Gonzalez to second
|
Batting: RHB Troy Trice
|
0-0: Ball 1-0: Ball 2-0: Foul Ball, location: 2F 2-1: Foul Ball, location: 2F 2-2: Foul Ball, location: 2F 2-2: Foul Ball, location: 2F 2-2: SINGLE (Groundball, 6D, EV 106.2 MPH) Dillon Gonzalez to third Justin Bonner to second Runner from 3rd tries for Home, SAFE, throw by CF to home
|
Batting: RHB Tyler Mapes
|
0-0: Swinging Strike 0-1: Ball 1-1: Ball 2-1: Foul Ball, location: 2F 2-2: Grounds into double play, 6-4-3 (Groundball, 6, EV 103.8 MPH)
|
Top of the 6th over - 2 runs, 3 hits, 0 errors, 1 left on base; Sacramento 4 - Oklahoma City 0 |
BOTTOM OF THE 6TH |
Oklahoma City Dodgers batting - Pitching for Sacramento River Cats : RHP Tong Huang
|
Batting: RHB Theo Schepers
|
0-0: Called Strike 0-1: Called Strike 0-2: Foul Ball, location: 2F 0-2: SINGLE (Line Drive, 7S, EV 99.4 MPH)
|
Batting: LHB Steve Pond
|
0-0: Ball 1-0: SINGLE (Groundball, 6D, EV 96.9 MPH) Theo Schepers to second
|
Batting: RHB Tommy Hunter
|
0-0: Ball 1-0: Fly out, F6 (Popup, 6, EV 76.2 MPH)
|
Batting: RHB Jason Baldwin
|
0-0: Ball 1-0: Swinging Strike 1-1: Fly out, F7 (Flyball, 78M, EV 86.9 MPH)
|
Batting: RHB Alex Cid
|
0-0: Called Strike 0-1: Ball 1-1: Ball 2-1: Ball 3-1: Called Strike 3-2: SINGLE (Line Drive, 89S, EV 86.9 MPH) Theo Schepers to third Steve Pond to second Theo Schepers scores Steve Pond to third
|
Batting: LHB Doug Frampton
|
0-0: Called Strike 0-1: Ball 1-1: Ball 2-1: Swinging Strike 2-2: Foul Ball, location: 2F 2-2: Ball 3-2: Strikes out swinging
|
Bottom of the 6th over - 1 run, 3 hits, 0 errors, 2 left on base; Sacramento 4 - Oklahoma City 1 |
TOP OF THE 7TH |
Sacramento River Cats batting - Pitching for Oklahoma City Dodgers : LHP Wayne Perry
|
Batting: RHB Carlos Talavera
|
0-0: Called Strike 0-1: Foul Ball, location: 2F 0-2: Foul Ball, location: 2F 0-2: SINGLE (Flyball, 89S, EV 91.2 MPH)
|
Batting: LHB Franklin Quezada
|
0-0: Ball 1-0: Ball 2-0: Sac Bunt to 3S - play at first, batter OUT! 3-1 Carlos Talavera to second
|
Batting: RHB Steve Jones
|
0-0: Ball 1-0: Ground out 4-3 (Groundball, 4, EV 106.9 MPH) Carlos Talavera to third
|
Batting: LHB Pauli Gassinger
|
0-0: Ball 1-0: Foul Ball, location: 2F 1-1: Swinging Strike 1-2: Strikes out swinging
|
Top of the 7th over - 0 runs, 1 hit, 0 errors, 1 left on base; Sacramento 4 - Oklahoma City 1 |
BOTTOM OF THE 7TH |
Oklahoma City Dodgers batting - Pitching for Sacramento River Cats : RHP Tong Huang
|
Batting: LHB Darrell Ortega
|
0-0: Ground out 5-3 (Groundball, 56, EV 83.8 MPH)
|
Batting: RHB Kevin Ezell
|
0-0: Foul Ball, location: 2F 0-1: Ball 1-1: Swinging Strike 1-2: Ball 2-2: Ball 3-2: Foul Ball, location: 2F 3-2: Ground out U3 (Groundball, 34, EV 109.4 MPH)
|
Batting: RHB Jose Ramirez
|
0-0: Ball 1-0: Fly out, F8 (Flyball, 8RM, EV 86.2 MPH)
|
Bottom of the 7th over - 0 runs, 0 hits, 0 errors, 0 left on base; Sacramento 4 - Oklahoma City 1 |
TOP OF THE 8TH |
Sacramento River Cats batting - Pitching for Oklahoma City Dodgers : LHP Wayne Perry
|
Pitching: RHP Jose Avila
|
|
Batting: RHB Brian Rogers
|
0-0: Ball 1-0: Ground out 6-3 (Groundball, 6M, EV 82.5 MPH)
|
Batting: LHB Dillon Gonzalez
|
0-0: Foul Ball, location: 2F 0-1: Fly out, F9 (Flyball, 9, EV 96.9 MPH)
|
Batting: RHB Justin Bonner
|
0-0: Ball 1-0: Ball 2-0: Swinging Strike 2-1: Foul Ball, location: 2F 2-2: Ball 3-2: Strikes out looking
|
Top of the 8th over - 0 runs, 0 hits, 0 errors, 0 left on base; Sacramento 4 - Oklahoma City 1 |
BOTTOM OF THE 8TH |
Oklahoma City Dodgers batting - Pitching for Sacramento River Cats : RHP Tong Huang
|
Now at 1B: Jose Rivera
|
|
Batting: RHB Theo Schepers
|
0-0: Called Strike 0-1: Ball 1-1: Ball 2-1: Fly out, F7 (Flyball, 7D, EV 93.8 MPH)
|
Batting: LHB Steve Pond
|
0-0: Fly out, F9 (Flyball, 89M, EV 78.8 MPH)
|
Batting: RHB Tommy Hunter
|
0-0: Ground out 4-3 (Groundball, 4M, EV 104.4 MPH)
|
Bottom of the 8th over - 0 runs, 0 hits, 0 errors, 0 left on base; Sacramento 4 - Oklahoma City 1 |
TOP OF THE 9TH |
Sacramento River Cats batting - Pitching for Oklahoma City Dodgers : RHP Jose Avila
|
Batting: RHB Troy Trice
|
0-0: Ball 1-0: Called Strike 1-1: Foul Ball, location: 2F 1-2: Ball 2-2: Foul Ball, location: 2F 2-2: Strikes out swinging
|
Batting: RHB Tyler Mapes
|
0-0: Foul Ball, location: 2F 0-1: Ball 1-1: Called Strike 1-2: Ball 2-2: SINGLE (Groundball, 56D, EV 97.5 MPH)
|
Batting: RHB Carlos Talavera
|
0-0: Fly out, F8 (Flyball, 8LM, EV 85.6 MPH)
|
Batting: LHB Franklin Quezada
|
0-0: Ball 1-0: Ground out 6-3 (Groundball, 4MS, EV 70.0 MPH)
|
Top of the 9th over - 0 runs, 1 hit, 0 errors, 1 left on base; Sacramento 4 - Oklahoma City 1 |
BOTTOM OF THE 9TH |
Oklahoma City Dodgers batting - Pitching for Sacramento River Cats : RHP Tong Huang
|
Pitching: RHP Harry Dickson
|
|
Now in CF: Carlos Rodriguez
|
|
Now in RF: Franklin Quezada
|
|
Batting: RHB Jason Baldwin
|
0-0: Ball 1-0: Foul Ball, location: 2F 1-1: Ball 2-1: Ground out 4-3 (Groundball, 4, EV 86.9 MPH)
|
Batting: RHB Alex Cid
|
0-0: Foul Ball, location: 2F 0-1: Ball 1-1: Ball 2-1: Ground out 6-3 (Groundball, 6M, EV 86.2 MPH)
|
Batting: LHB Doug Frampton
|
0-0: Ball 1-0: Ball 2-0: Fly out, F5 (Popup, 56S, EV 70.0 MPH)
|
Bottom of the 9th over - 0 runs, 0 hits, 0 errors, 0 left on base; Sacramento 4 - Oklahoma City 1 |
|